Stars vs Bruins
(R1)
Created - May 2, 2020 at 19:22
Goals
|
| Stars |
0 |
3 |
1 |
0 |
4 |
| Bruins |
1 |
0 |
3 |
1 |
5 |
|
Shots
|
| Stars |
3 |
5 |
15 |
2 |
25 |
| Bruins |
7 |
10 |
16 |
4 |
37 |
|
1st period
1. Bruins , Samuel Morin 2 (Adam Pelech 6, Victor Oreskovich 39) at 18:39
Penalties :
Zack Kassian (Bos) for Tripping (Minor) at 6:53
2nd period
2. Stars , Michael Grabner 25 (John Tavares 67, Guillaume Latendresse 46) at 5:51
3. Stars , Boris Valabik 8 (Jussi Jokinen 37, Lasse Kukkonen 4) at 12:16
4. Stars , Guillaume Latendresse 34 (John Tavares 68) at 17:51 (PP)
Penalties :
Johnny Boychuk (Bos) for Hooking (Minor) at 6:28, Evgeny Grachev (Dal) for Hooking (Minor) at 9:19, Kevin Bieksa (Bos) for Hooking (Minor) at 14:50, John Tavares (Dal) for Boarding (Minor) at 14:53, Adam Pelech (Bos) for Cross-checking (Minor) at 17:45, Michael Grabner (Dal) for Roughing (Minor) at 18:04
3rd period
5. Stars , B.J. Crombeen 8 (Cory Emmerton 25, Boris Valabik 20) at 6:40
6. Bruins , Scott Hartnell 19 (Victor Oreskovich 40, Mike Ribeiro 12) at 9:11
7. Bruins , Jason Demers 10 (Wojtek Wolski 63, Jonathan Toews 51) at 17:24 (PP)
8. Bruins , T.J Galiardi 12 (Kevin Bieksa 8, Dave Bolland 21) at 18:15
Penalties :
Guillaume Latendresse (Dal) for Roughing (Minor) at 6:49, Jason Demers (Bos) for Diving (Minor) at 6:56, Brian Lee (Dal) for Charging (Minor) at 13:55, John Tavares (Dal) for Checking from behind (Minor) at 17:16, Alexander Frolov (Dal) for Hooking (Minor) at 18:26
Overtime #1
9. Bruins , Zack Kassian 32 (Scott Hartnell 33, Kevin Bieksa 9) at 2:29
Penalties :
No Penalty
Goalie Stats
Cory Schneider (Dal), 32 saves from 37 shots - (0.865), OTL, 40-20-5, 62:29 minutes
Josh Tordjman (Bos), 11 saves from 11 shots - (1.000), W, 4-7-5, 15:49 minutes
Kevin Poulin (Bos), 10 saves from 14 shots - (0.714), 46:40 minutes
Players Stats for Stars
Player Name G A P +/- PIM S H SB GA TA FO MP PP MP PK MP
------------------------------------------------------------------------------------
Alex Chiasson 0 0 0 -1 0 1 0 0 0 1 0/0 14:23 1:56 0:00
Alexander Frolov 0 0 0 1 2 3 0 2 0 0 2/4 14:31 0:43 0:55
Andrej Sustr 0 0 0 -2 0 0 0 0 1 0 0/0 10:22 0:29 0:47
Antoine Vermette 0 0 0 -2 0 2 1 1 0 0 4/11 17:16 1:55 2:10
B.J. Crombeen 1 0 1 1 0 2 0 0 0 0 0/0 9:50 0:43 0:00
Boris Valabik 1 1 2 0 0 1 3 0 0 1 0/0 22:24 2:07 3:27
Brian Lee 0 0 0 1 2 1 2 2 2 0 0/0 30:22 1:38 4:00
Cam Atkinson 0 0 0 -1 0 2 1 0 0 0 0/1 7:20 0:14 0:00
Cory Emmerton 0 1 1 1 0 3 1 2 0 0 2/7 12:23 0:00 1:24
Evgeny Grachev 0 0 0 -1 2 1 1 0 0 0 2/3 7:46 0:25 0:00
Guillaume Latendresse 1 1 2 1 2 2 3 1 0 0 1/2 23:16 1:21 4:28
Ian White 0 0 0 1 0 5 3 2 0 0 0/0 30:54 1:38 5:09
John Tavares 0 2 2 1 4 1 0 1 1 2 16/34 23:38 1:20 4:53
Johnny Oduya 0 0 0 -2 0 0 1 0 0 0 0/0 10:54 0:29 0:29
Jussi Jokinen 0 1 1 -2 0 0 3 0 2 0 2/3 17:09 1:56 2:12
Lasse Kukkonen 0 1 1 0 0 0 1 4 0 0 0/0 20:41 2:07 2:36
Michael Grabner 1 0 1 1 2 1 2 3 0 1 1/1 15:38 1:14 0:00
Ted Purcell 0 0 0 -1 0 0 3 0 1 0 0/0 9:00 0:54 0:00
Players Stats for Bruins
Player Name G A P +/- PIM S H SB GA TA FO MP PP MP PK MP
------------------------------------------------------------------------------------
Adam Pelech 0 1 1 2 2 0 0 2 0 0 0/0 11:32 0:00 0:44
Casey Cizikas 0 0 0 0 0 0 0 0 0 0 2/2 8:52 0:00 0:00
Dave Bolland 0 1 1 -2 0 2 0 0 0 0 5/6 11:55 0:00 0:20
Jason Demers 1 0 1 1 2 3 0 2 0 2 0/0 28:39 5:29 2:27
Johnny Boychuk 0 0 0 -2 2 4 1 3 0 0 0/0 20:54 2:18 1:03
Jonathan Toews 0 1 1 0 0 2 3 0 0 0 14/28 23:51 4:07 2:24
Kevin Bieksa 0 2 2 -2 2 0 0 1 0 3 0/0 20:23 2:18 1:47
Kris Chucko 0 0 0 0 0 4 0 0 1 0 0/1 8:59 0:00 0:23
Mattias Tedenby 0 0 0 0 0 1 0 0 0 0 0/0 8:15 0:00 0:00
Mike Ribeiro 0 1 1 2 0 1 1 0 0 0 3/4 14:47 3:40 0:00
Rene Bourque 0 0 0 -2 0 0 1 0 0 0 0/1 12:23 0:00 1:01
Samuel Morin 1 0 1 2 0 1 0 0 0 0 0/0 13:38 0:01 0:00
Scott Hartnell 1 1 2 3 0 3 4 0 0 1 2/2 17:37 3:41 1:24
Shane O'Brien 0 0 0 1 0 1 1 0 0 1 0/0 29:37 5:30 2:27
T.J Galiardi 1 0 1 -2 0 2 1 1 3 0 0/0 11:50 0:00 0:03
Victor Oreskovich 0 2 2 2 0 1 0 1 0 0 1/1 14:41 3:40 0:00
Wojtek Wolski 0 1 1 0 0 4 2 3 0 0 6/15 23:49 4:07 2:24
Zack Kassian 1 0 1 1 2 8 1 0 1 0 3/6 20:07 4:08 0:29
3 Stars
1 - Scott Hartnell (Bos)
2 - Boris Valabik (Dal)
3 - Guillaume Latendresse (Dal)
Power Play
Stars - 1 on 5 Attempt(s) - 20.00%
Bruins - 1 on 7 Attempt(s) - 14.29%
Penalty Kill
Stars - 6 on 7 Attempt(s) - 85.71%
- Score 0 goal in Penalty Kill
Bruins - 4 on 5 Attempt(s) - 80.00%
- Score 0 goal in Penalty Kill
Team Stat
Stars - Hits : 25 - Faceoff Wins : 30 - Blocked Shots : 18 - Penalty Minutes : 14
Bruins - Hits : 15 - Faceoff Wins : 36 - Blocked Shots : 13 - Penalty Minutes : 10
Official
Referees : Unknown
Linesman : Unknown
Game Notes
Josh Tordjman enters game at 6:40 of 3rd period
Finance
Level 1 -- Attendance: 4522 (75.37%) -- Ticket Income $560,728
Level 2 -- Attendance: 3805 (76.10%) -- Ticket Income $285,375
Level 3 -- Attendance: 1665 (83.25%) -- Ticket Income $73,260
Level 4 -- Attendance: 3941 (98.53%) -- Ticket Income $114,289
Luxury Box -- Attendance: 758 (75.80%) -- Ticket Income $166,002
Game was played at the TD Banknorth Garden.
Total Attendance: 14691 (81.62%)
Total Ticket Income: $1,199,654
Other Income: $179,948
Total Income: $1,379,602
Stars
5 vs 5 Forward
Center Left Wing Right Wing Time % Phy DF OF
1 John Tavares Guillaume Latendresse Michael Grabner 40 1 2 2
2 Antoine Vermette Jussi Jokinen Alex Chiasson 30 1 2 2
3 Cory Emmerton Alexander Frolov B.J. Crombeen 20 1 2 2
4 Evgeny Grachev Ted Purcell Cam Atkinson 10 1 2 2
5 vs 5 Defense
Defense Defense Time % Phy DF OF
1 Ian White Brian Lee 40 1 2 2
2 Boris Valabik Lasse Kukkonen 30 1 2 2
3 Johnny Oduya Andrej Sustr 20 1 2 2
4 Ian White Brian Lee 10 1 2 2
PowerPlay Forward
Center Left Wing Right Wing Time % Phy DF OF
1 John Tavares Guillaume Latendresse Michael Grabner 60 0 2 3
2 Antoine Vermette Jussi Jokinen Alex Chiasson 40 0 2 3
PowerPlay Defense
Defense Defense Time % Phy DF OF
1 Ian White Brian Lee 60 0 2 3
2 Boris Valabik Lasse Kukkonen 40 0 2 3
Penalty Kill 4 Players Forward
Center Wing Time % Phy DF OF
1 John Tavares Guillaume Latendresse 60 0 3 2
2 Jussi Jokinen Antoine Vermette 40 0 3 2
Penalty Kill 4 Players Defense
Defense Defense Time % Phy DF OF
1 Ian White Brian Lee 60 0 3 2
2 Boris Valabik Lasse Kukkonen 40 0 3 2
Penalty Kill - 3 Players Forward
Forward Time % Phy DF OF
1 John Tavares 60 0 3 2
2 Guillaume Latendresse 40 0 3 2
Penalty Kill - 3 Players Defense
Defense Defense Time % Phy DF OF
1 Ian White Brian Lee 60 0 3 2
2 Boris Valabik Lasse Kukkonen 40 0 3 2
4 vs 4 Forward
Center Wing Time % Phy DF OF
1 John Tavares Guillaume Latendresse 60 1 2 2
2 Jussi Jokinen Antoine Vermette 40 1 2 2
4 vs 4 Defense
Defense Defense Time % Phy DF OF
1 Ian White Brian Lee 60 1 2 2
2 Boris Valabik Lasse Kukkonen 40 1 2 2
Last Minutes Offensive
Center Left Wing Right Wing Defense Defense
John Tavares Guillaume Latendresse Michael Grabner Ian White Brian Lee
Last Minutes Defensive
Center Left Wing Right Wing Defense Defense
John Tavares Guillaume Latendresse Michael Grabner Ian White Brian Lee
Goaltenders
Starting : Cory Schneider
Backup : Brian Elliott
Extra Forwards
Normal : Alexander Frolov, Ted Purcell, Cory Emmerton - PP : Alexander Frolov, Ted Purcell - PK : Cory Emmerton
Extra Defensemen
Normal : Johnny Oduya, Andrej Sustr, Boris Valabik - PP : Johnny Oduya - PK : Andrej Sustr, Boris Valabik
Penalty Shots
John Tavares, Guillaume Latendresse, Jussi Jokinen, Antoine Vermette, Alexander Frolov
Scratches
Lee Stempniak (Healthy), Niklas Hjalmarsson (Healthy), Brian Flynn (Healthy)
Bruins
5 vs 5 Forward
Center Left Wing Right Wing Time % Phy DF OF
1 Jonathan Toews Wojtek Wolski Zack Kassian 40 1 2 2
2 Mike Ribeiro Scott Hartnell Victor Oreskovich 30 1 2 2
3 Dave Bolland T.J Galiardi Rene Bourque 20 1 2 2
4 Casey Cizikas Kris Chucko Mattias Tedenby 10 1 2 2
5 vs 5 Defense
Defense Defense Time % Phy DF OF
1 Jason Demers Shane O'Brien 40 1 2 2
2 Johnny Boychuk Kevin Bieksa 30 1 2 2
3 Samuel Morin Adam Pelech 20 1 2 2
4 Jason Demers Shane O'Brien 10 1 2 2
PowerPlay Forward
Center Left Wing Right Wing Time % Phy DF OF
1 Jonathan Toews Wojtek Wolski Zack Kassian 60 1 2 2
2 Mike Ribeiro Scott Hartnell Victor Oreskovich 40 1 2 2
PowerPlay Defense
Defense Defense Time % Phy DF OF
1 Jason Demers Shane O'Brien 60 1 2 2
2 Johnny Boychuk Kevin Bieksa 40 1 2 2
Penalty Kill 4 Players Forward
Center Wing Time % Phy DF OF
1 Wojtek Wolski Jonathan Toews 60 1 2 2
2 Zack Kassian Scott Hartnell 40 1 2 2
Penalty Kill 4 Players Defense
Defense Defense Time % Phy DF OF
1 Jason Demers Shane O'Brien 60 1 2 2
2 Johnny Boychuk Kevin Bieksa 40 1 2 2
Penalty Kill - 3 Players Forward
Forward Time % Phy DF OF
1 Wojtek Wolski 60 1 2 2
2 Jonathan Toews 40 1 2 2
Penalty Kill - 3 Players Defense
Defense Defense Time % Phy DF OF
1 Jason Demers Shane O'Brien 60 1 2 2
2 Johnny Boychuk Kevin Bieksa 40 1 2 2
4 vs 4 Forward
Center Wing Time % Phy DF OF
1 Wojtek Wolski Jonathan Toews 60 1 2 2
2 Zack Kassian Scott Hartnell 40 1 2 2
4 vs 4 Defense
Defense Defense Time % Phy DF OF
1 Jason Demers Shane O'Brien 60 1 2 2
2 Johnny Boychuk Kevin Bieksa 40 1 2 2
Last Minutes Offensive
Center Left Wing Right Wing Defense Defense
Jonathan Toews Wojtek Wolski Zack Kassian Jason Demers Shane O'Brien
Last Minutes Defensive
Center Left Wing Right Wing Defense Defense
Jonathan Toews Wojtek Wolski Zack Kassian Jason Demers Shane O'Brien
Goaltenders
Starting : Kevin Poulin
Backup : Josh Tordjman
Extra Forwards
Normal : Dave Bolland, T.J Galiardi, Rene Bourque - PP : Dave Bolland, T.J Galiardi - PK : Rene Bourque
Extra Defensemen
Normal : Samuel Morin, Adam Pelech, Johnny Boychuk - PP : Samuel Morin - PK : Adam Pelech, Johnny Boychuk
Penalty Shots
Wojtek Wolski, Jonathan Toews, Zack Kassian, Scott Hartnell, Victor Oreskovich
Scratches
Brendan Smith (Left Eye Injury)
% Time on Ice - Stars
Lines # - Real PCT - Wanted PCT - Time Play
Normal Forward
1 - 35% - 40% - 15:30
2 - 29% - 30% - 12:42
3 - 21% - 20% - 9:13
4 - 15% - 10% - 6:45
Normal Defense
1 - 43% - 40% - 19:07
2 - 31% - 30% - 13:54
3 - 21% - 20% - 9:06
4 - 5% - 10% - 2:03
PP Forward
1 - 32% - 60% - 1:21
2 - 68% - 40% - 2:53
PP Defense
1 - 50% - 60% - 2:07
2 - 50% - 40% - 2:07
PK Forward
1 - 75% - 60% - 5:53
2 - 25% - 40% - 1:55
PK Defense
1 - 67% - 60% - 5:12
2 - 33% - 40% - 2:36
PK3 Forward
1 - 100% - 60% - 0:26
2 - 0% - 40% - 0:00
PK3 Defense
1 - 100% - 60% - 0:26
2 - 0% - 40% - 0:00
44 Forward
1 - 95% - 60% - 5:32
2 - 5% - 40% - 0:19
44 Defense
1 - 65% - 60% - 3:47
2 - 35% - 40% - 2:04
Last Minute Offensive - 0:00
Last Minute Defensive - 0:00
Total
Forward - 62:29
Defense - 62:29
|
% Time on Ice - Bruins
Lines # - Real PCT - Wanted PCT - Time Play
Normal Forward
1 - 31% - 40% - 13:44
2 - 25% - 30% - 11:10
3 - 25% - 20% - 11:01
4 - 19% - 10% - 8:15
Normal Defense
1 - 40% - 40% - 17:34
2 - 34% - 30% - 15:04
3 - 23% - 20% - 10:04
4 - 3% - 10% - 1:28
PP Forward
1 - 53% - 60% - 4:07
2 - 47% - 40% - 3:41
PP Defense
1 - 71% - 60% - 5:30
2 - 29% - 40% - 2:18
PK Forward
1 - 72% - 60% - 3:04
2 - 28% - 40% - 1:10
PK Defense
1 - 58% - 60% - 2:27
2 - 42% - 40% - 1:47
PK3 Forward
1 - 0% - 60%
2 - 0% - 40%
PK3 Defense
1 - 0% - 60%
2 - 0% - 40%
44 Forward
1 - 70% - 60% - 4:24
2 - 30% - 40% - 1:53
44 Defense
1 - 55% - 60% - 3:27
2 - 45% - 40% - 2:50
Last Minute Offensive - 0:00
Last Minute Defensive - 0:00
Total
Forward - 62:29
Defense - 62:29
|
Play-by-Play
1st period
0:01 of 1st period - Jonathan Toews wins face-off versus John Tavares in neutral zone.
0:16 of 1st period - Wrist shot by John Tavares.
0:16 of 1st period - Stopped by Kevin Poulin with a rebound.
1:27 of 1st period - Shane O'Brien is hit by Guillaume Latendresse.
1:39 of 1st period - Slapshot by Mattias Tedenby.
1:39 of 1st period - Shot Misses the Net.
1:41 of 1st period - Slapshot by Johnny Boychuk.
1:41 of 1st period - Shot Misses the Net.
1:43 of 1st period - Snap shot by Johnny Boychuk.
1:43 of 1st period - Shot Blocked by Guillaume Latendresse.
1:45 of 1st period - Backhand shot by Johnny Boychuk.
1:45 of 1st period - Stopped by Cory Schneider with a rebound.
1:57 of 1st period - Wrist shot by Kris Chucko.
1:57 of 1st period - Stopped by Cory Schneider with a rebound.
2:11 of 1st period - Adam Pelech is hit by Johnny Oduya and loses puck.
3:11 of 1st period - Wrist shot by John Tavares.
3:11 of 1st period - Shot Blocked by Adam Pelech.
4:08 of 1st period - Casey Cizikas is hit by Michael Grabner and loses puck.
4:33 of 1st period - Samuel Morin is hit by Michael Grabner and loses puck.
5:02 of 1st period - Snap shot by Mattias Tedenby.
5:02 of 1st period - Shot Misses the Net.
5:04 of 1st period - Snap shot by Samuel Morin.
5:04 of 1st period - Deflect By Kris Chucko.
5:04 of 1st period - Shot Misses the Net.
5:04 of 1st period - Puck is out of play.
5:05 of 1st period - Jussi Jokinen wins face-off versus Zack Kassian in Stars zone.
5:05 of 1st period - Jussi Jokinen is hit by Wojtek Wolski.
5:13 of 1st period - Wrist shot by Alex Chiasson.
5:13 of 1st period - Shot Blocked by Kevin Bieksa.
5:21 of 1st period - Snap shot by Zack Kassian.
5:21 of 1st period - Stopped by Cory Schneider with a rebound.
6:53 of 1st period - Minor Penalty to Zack Kassian for Tripping.
6:54 of 1st period - Wojtek Wolski wins face-off versus Antoine Vermette in Bruins zone.
6:59 of 1st period - Wrist shot by Wojtek Wolski.
6:59 of 1st period - Stopped by Cory Schneider with a rebound.
7:11 of 1st period - Snap shot by Alex Chiasson.
7:11 of 1st period - Shot Blocked by Wojtek Wolski.
7:49 of 1st period - Johnny Boychuk is hit by Ted Purcell and loses puck.
8:42 of 1st period - Dave Bolland is hit by Evgeny Grachev and loses puck.
8:53 of 1st period - Penalty to Zack Kassian is over, Zack Kassian is back on ice.
9:11 of 1st period - Boris Valabik is hit by Mike Ribeiro.
9:27 of 1st period - Scott Hartnell is hit by Cam Atkinson and loses puck.
15:21 of 1st period - Icing by Boris Valabik.
15:22 of 1st period - Casey Cizikas wins face-off versus Evgeny Grachev in Stars zone.
15:31 of 1st period - T.J Galiardi is hit by Ted Purcell and loses puck.
16:10 of 1st period - Shane O'Brien is hit by Jussi Jokinen.
16:16 of 1st period - Wojtek Wolski is hit by Antoine Vermette and loses puck.
16:52 of 1st period - Wrist shot by Dave Bolland.
16:52 of 1st period - Stopped by Cory Schneider with a rebound.
16:58 of 1st period - Mattias Tedenby is hit by Ted Purcell.
17:05 of 1st period - Icing by Ian White.
17:06 of 1st period - Evgeny Grachev wins face-off versus Mike Ribeiro in Stars zone.
17:38 of 1st period - Snap shot by John Tavares.
17:38 of 1st period - Shot Blocked by Wojtek Wolski.
17:40 of 1st period - Wrist shot by Ian White.
17:40 of 1st period - Stopped by Kevin Poulin without a rebound.
17:41 of 1st period - John Tavares wins face-off versus Jonathan Toews in Bruins zone.
18:12 of 1st period - Victor Oreskovich is hit by Jussi Jokinen and loses puck.
18:27 of 1st period - Snap shot by Evgeny Grachev.
18:27 of 1st period - Shot Blocked by Adam Pelech.
18:33 of 1st period - Wrist shot by Scott Hartnell.
18:33 of 1st period - Shot Misses the Net.
18:35 of 1st period - Snap shot by Victor Oreskovich.
18:35 of 1st period - Shot Misses the Net.
18:37 of 1st period - Snap shot by Adam Pelech.
18:37 of 1st period - Shot Misses the Net.
18:39 of 1st period - Slapshot by Samuel Morin.
18:39 of 1st period - Goal by Samuel Morin - Stars : 0 - Bruins : 1.
18:40 of 1st period - Antoine Vermette wins face-off versus Jonathan Toews in neutral zone.
19:06 of 1st period - Guillaume Latendresse is hit by Scott Hartnell and loses puck.
19:15 of 1st period - Snap shot by Scott Hartnell.
19:15 of 1st period - Stopped by Cory Schneider with a rebound.
19:35 of 1st period - Snap shot by Cory Emmerton.
19:35 of 1st period - Deflect By B.J. Crombeen.
19:35 of 1st period - Stopped by Kevin Poulin without a rebound.
19:36 of 1st period - Jonathan Toews wins face-off versus Antoine Vermette in Bruins zone.
Goals for this period are 0 for Stars vs 1 for Bruins.
Shots for this period are 3 for Stars vs 7 for Bruins.
2nd period
0:01 of 2nd period - John Tavares wins face-off versus Jonathan Toews in neutral zone.
0:12 of 2nd period - Snap shot by John Tavares.
0:12 of 2nd period - Shot Misses the Net.
0:26 of 2nd period - Ian White is hit by Rene Bourque.
0:27 of 2nd period - Icing by Ian White.
0:28 of 2nd period - Dave Bolland wins face-off versus Antoine Vermette in Stars zone.
0:39 of 2nd period - Slapshot by Dave Bolland.
0:39 of 2nd period - Shot Blocked by Lasse Kukkonen.
0:41 of 2nd period - Slapshot by Johnny Boychuk.
0:41 of 2nd period - Stopped by Cory Schneider with a rebound.
0:43 of 2nd period - Wrist shot by Dave Bolland.
0:43 of 2nd period - Stopped by Cory Schneider without a rebound.
0:44 of 2nd period - Jonathan Toews wins face-off versus John Tavares in Stars zone.
1:45 of 2nd period - Snap shot by Mattias Tedenby.
1:45 of 2nd period - Deflect By Kris Chucko.
1:45 of 2nd period - Stopped by Cory Schneider with a rebound.
1:47 of 2nd period - Wrist shot by Kris Chucko.
1:47 of 2nd period - Stopped by Cory Schneider without a rebound.
1:48 of 2nd period - John Tavares wins face-off versus Jonathan Toews in Stars zone.
1:50 of 2nd period - Icing by Boris Valabik.
1:51 of 2nd period - Jonathan Toews wins face-off versus John Tavares in Stars zone.
1:54 of 2nd period - Slapshot by Zack Kassian.
1:54 of 2nd period - Shot Blocked by Lasse Kukkonen.
2:25 of 2nd period - B.J. Crombeen is hit by Zack Kassian and loses puck.
2:38 of 2nd period - Wrist shot by Zack Kassian.
2:38 of 2nd period - Shot Misses the Net.
2:40 of 2nd period - Slapshot by Kevin Bieksa.
2:40 of 2nd period - Shot Blocked by Lasse Kukkonen.
2:42 of 2nd period - Snap shot by Johnny Boychuk.
2:42 of 2nd period - Stopped by Cory Schneider without a rebound.
2:43 of 2nd period - Mike Ribeiro wins face-off versus John Tavares in Stars zone.
2:59 of 2nd period - Shane O'Brien is hit by Ian White and loses puck.
3:34 of 2nd period - Snap shot by Guillaume Latendresse.
3:34 of 2nd period - Shot Misses the Net.
3:36 of 2nd period - Slapshot by Brian Lee.
3:36 of 2nd period - Deflect By Shane O'Brien.
3:36 of 2nd period - Stopped by Kevin Poulin without a rebound.
3:37 of 2nd period - Dave Bolland wins face-off versus Antoine Vermette in Bruins zone.
4:02 of 2nd period - Wrist shot by Wojtek Wolski.
4:02 of 2nd period - Stopped by Cory Schneider with a rebound.
4:04 of 2nd period - Wrist shot by Jonathan Toews.
4:04 of 2nd period - Shot Misses the Net.
4:06 of 2nd period - Wrist shot by Wojtek Wolski.
4:06 of 2nd period - Shot Blocked by Alexander Frolov.
4:08 of 2nd period - Snap shot by Wojtek Wolski.
4:08 of 2nd period - Shot Blocked by Lasse Kukkonen.
4:10 of 2nd period - Wrist shot by Jonathan Toews.
4:10 of 2nd period - Shot Blocked by Cory Emmerton.
4:24 of 2nd period - Ted Purcell is hit by Scott Hartnell and loses puck.
4:43 of 2nd period - Casey Cizikas is hit by Lasse Kukkonen and loses puck.
5:03 of 2nd period - Off-side.
5:04 of 2nd period - Dave Bolland wins face-off versus Cory Emmerton in neutral zone.
5:11 of 2nd period - Snap shot by T.J Galiardi.
5:11 of 2nd period - Stopped by Cory Schneider without a rebound.
5:12 of 2nd period - Jonathan Toews wins face-off versus John Tavares in Stars zone.
5:51 of 2nd period - Snap shot by Michael Grabner.
5:51 of 2nd period - Goal by Michael Grabner - Stars : 1 - Bruins : 1.
5:52 of 2nd period - Antoine Vermette wins face-off versus Jonathan Toews in neutral zone.
6:28 of 2nd period - Minor Penalty to Johnny Boychuk for Hooking.
6:29 of 2nd period - John Tavares wins face-off versus Wojtek Wolski in Bruins zone.
6:55 of 2nd period - Jonathan Toews is hit by Brian Lee and loses puck.
7:06 of 2nd period - Wrist shot by Jussi Jokinen.
7:06 of 2nd period - Shot Blocked by Wojtek Wolski.
7:30 of 2nd period - Slapshot by Kevin Bieksa.
7:30 of 2nd period - Deflect By Kris Chucko.
7:30 of 2nd period - Shot Blocked by Michael Grabner.
7:30 of 2nd period - Puck is out of play.
7:31 of 2nd period - John Tavares wins face-off versus Rene Bourque in Stars zone.
8:24 of 2nd period - Lasse Kukkonen is hit by Scott Hartnell and loses puck.
8:28 of 2nd period - Penalty to Johnny Boychuk is over, Johnny Boychuk is back on ice.
9:00 of 2nd period - Off-side.
9:01 of 2nd period - Evgeny Grachev wins face-off versus Kris Chucko in neutral zone.
9:19 of 2nd period - Minor Penalty to Evgeny Grachev for Hooking.
9:20 of 2nd period - John Tavares wins face-off versus Jonathan Toews in Stars zone.
9:28 of 2nd period - Shane O'Brien is hit by Guillaume Latendresse.
10:14 of 2nd period - Slapshot by Antoine Vermette.
10:14 of 2nd period - Stopped by Kevin Poulin with a rebound.
11:19 of 2nd period - Penalty to Evgeny Grachev is over, Evgeny Grachev is back on ice.
11:36 of 2nd period - John Tavares is hit by T.J Galiardi and loses puck.
12:14 of 2nd period - Snap shot by Jussi Jokinen.
12:14 of 2nd period - Shot Misses the Net.
12:16 of 2nd period - Slapshot by Boris Valabik.
12:16 of 2nd period - Deflect By T.J Galiardi.
12:16 of 2nd period - Goal by Boris Valabik - Stars : 2 - Bruins : 1.
12:17 of 2nd period - Cory Emmerton wins face-off versus Jonathan Toews in neutral zone.
12:32 of 2nd period - Slapshot by Cory Emmerton.
12:32 of 2nd period - Shot Blocked by Jason Demers.
13:28 of 2nd period - Snap shot by Cory Emmerton.
13:28 of 2nd period - Shot Hit the Post.
13:30 of 2nd period - Slapshot by Alexander Frolov.
13:30 of 2nd period - Shot Blocked by T.J Galiardi.
13:32 of 2nd period - Slapshot by Johnny Oduya.
13:32 of 2nd period - Deflect By Alexander Frolov.
13:32 of 2nd period - Shot Blocked by Johnny Boychuk.
13:32 of 2nd period - Puck is out of play.
13:33 of 2nd period - Antoine Vermette wins face-off versus Jonathan Toews in Bruins zone.
13:54 of 2nd period - Andrej Sustr is hit by Jonathan Toews and loses puck.
14:33 of 2nd period - Slapshot by Jason Demers.
14:33 of 2nd period - Deflect By Mattias Tedenby.
14:33 of 2nd period - Shot Blocked by Cory Emmerton.
14:33 of 2nd period - Puck is out of play.
14:34 of 2nd period - Casey Cizikas wins face-off versus Antoine Vermette in Stars zone.
14:35 of 2nd period - Wrist shot by Mattias Tedenby.
14:35 of 2nd period - Shot Misses the Net.
14:37 of 2nd period - Wrist shot by Mattias Tedenby.
14:37 of 2nd period - Shot Misses the Net.
14:39 of 2nd period - Slapshot by Johnny Boychuk.
14:39 of 2nd period - Shot Misses the Net.
14:41 of 2nd period - Snap shot by Kris Chucko.
14:41 of 2nd period - Shot Misses the Net.
14:43 of 2nd period - Snap shot by Kris Chucko.
14:43 of 2nd period - Shot Hit the Post.
14:45 of 2nd period - Slapshot by Kevin Bieksa.
14:45 of 2nd period - Deflect By Mattias Tedenby.
14:45 of 2nd period - Stopped by Cory Schneider with a rebound.
14:47 of 2nd period - Slapshot by Kevin Bieksa.
14:47 of 2nd period - Shot Blocked by Antoine Vermette.
14:49 of 2nd period - Slapshot by Johnny Boychuk.
14:49 of 2nd period - Shot Misses the Net.
14:50 of 2nd period - Minor Penalty to Kevin Bieksa for Hooking.
14:51 of 2nd period - Guillaume Latendresse wins face-off versus Wojtek Wolski in Bruins zone.
14:53 of 2nd period - Minor Penalty to John Tavares for Boarding.
14:54 of 2nd period - Alexander Frolov wins face-off versus Wojtek Wolski in Stars zone.
15:46 of 2nd period - Johnny Boychuk is hit by Boris Valabik and loses puck.
16:41 of 2nd period - Wrist shot by Cory Emmerton.
16:41 of 2nd period - Shot Misses the Net.
16:43 of 2nd period - Snap shot by Jussi Jokinen.
16:43 of 2nd period - Shot Blocked by Johnny Boychuk.
16:50 of 2nd period - Penalty to Kevin Bieksa is over, Kevin Bieksa is back on ice.
16:53 of 2nd period - Penalty to John Tavares is over, John Tavares is back on ice.
17:45 of 2nd period - Minor Penalty to Adam Pelech for Cross-checking.
17:46 of 2nd period - John Tavares wins face-off versus Wojtek Wolski in Bruins zone.
17:49 of 2nd period - Snap shot by Guillaume Latendresse.
17:49 of 2nd period - Deflect By Michael Grabner.
17:49 of 2nd period - Shot Misses the Net.
17:49 of 2nd period - Puck is out of play.
17:50 of 2nd period - John Tavares wins face-off versus Wojtek Wolski in Bruins zone.
17:51 of 2nd period - Snap shot by Guillaume Latendresse.
17:51 of 2nd period - Goal by Guillaume Latendresse - Stars : 3 - Bruins : 1.
17:52 of 2nd period - Jonathan Toews wins face-off versus John Tavares in neutral zone.
18:04 of 2nd period - Minor Penalty to Michael Grabner for Roughing.
18:05 of 2nd period - Jonathan Toews wins face-off versus John Tavares in Stars zone.
18:07 of 2nd period - Wrist shot by Zack Kassian.
18:07 of 2nd period - Stopped by Cory Schneider without a rebound.
18:08 of 2nd period - John Tavares wins face-off versus Jonathan Toews in Stars zone.
18:21 of 2nd period - Snap shot by Zack Kassian.
18:21 of 2nd period - Shot Misses the Net.
18:23 of 2nd period - Slapshot by Shane O'Brien.
18:23 of 2nd period - Stopped by Cory Schneider with a rebound.
18:25 of 2nd period - Slapshot by Zack Kassian.
18:25 of 2nd period - Shot Blocked by Ian White.
19:10 of 2nd period - Off-side.
19:11 of 2nd period - Jussi Jokinen wins face-off versus Jonathan Toews in neutral zone.
Goals for this period are 3 for Stars vs 0 for Bruins.
Shots for this period are 5 for Stars vs 10 for Bruins.
3rd period
0:01 of 3rd period - John Tavares wins face-off versus Jonathan Toews in neutral zone.
0:04 of 3rd period - Penalty to Michael Grabner is over, Michael Grabner is back on ice.
1:00 of 3rd period - Wrist shot by Boris Valabik.
1:00 of 3rd period - Shot Misses the Net.
1:02 of 3rd period - Wrist shot by Cory Emmerton.
1:02 of 3rd period - Stopped by Kevin Poulin with a rebound.
1:12 of 3rd period - Jason Demers is hit by Boris Valabik and loses puck.
1:19 of 3rd period - Slapshot by Evgeny Grachev.
1:19 of 3rd period - Stopped by Kevin Poulin without a rebound.
1:20 of 3rd period - Victor Oreskovich wins face-off versus John Tavares in Bruins zone.
1:55 of 3rd period - Wrist shot by Wojtek Wolski.
1:55 of 3rd period - Stopped by Cory Schneider with a rebound.
2:15 of 3rd period - Snap shot by Alexander Frolov.
2:15 of 3rd period - Stopped by Kevin Poulin with a rebound.
2:25 of 3rd period - Slapshot by John Tavares.
2:25 of 3rd period - Shot Misses the Net.
2:53 of 3rd period - Wrist shot by Zack Kassian.
2:53 of 3rd period - Shot Misses the Net.
3:29 of 3rd period - Dave Bolland is hit by Cory Emmerton.
3:33 of 3rd period - Boris Valabik is hit by Shane O'Brien and loses puck.
4:14 of 3rd period - Alex Chiasson is hit by Jonathan Toews.
4:41 of 3rd period - Snap shot by Cam Atkinson.
4:41 of 3rd period - Stopped by Kevin Poulin without a rebound.
4:42 of 3rd period - Mike Ribeiro wins face-off versus Cam Atkinson in Bruins zone.
5:05 of 3rd period - Wrist shot by Cam Atkinson.
5:05 of 3rd period - Stopped by Kevin Poulin without a rebound.
5:06 of 3rd period - Jonathan Toews wins face-off versus John Tavares in Bruins zone.
5:31 of 3rd period - Wrist shot by Zack Kassian.
5:31 of 3rd period - Shot Misses the Net.
5:35 of 3rd period - Slapshot by Zack Kassian.
5:35 of 3rd period - Shot Blocked by Michael Grabner.
5:37 of 3rd period - Backhand shot by Zack Kassian.
5:37 of 3rd period - Shot Misses the Net.
5:39 of 3rd period - Wrist shot by Zack Kassian.
5:39 of 3rd period - Shot Misses the Net.
5:41 of 3rd period - Snap shot by Zack Kassian.
5:41 of 3rd period - Stopped by Cory Schneider without a rebound.
5:42 of 3rd period - Scott Hartnell wins face-off versus Antoine Vermette in Stars zone.
5:49 of 3rd period - Slapshot by Scott Hartnell.
5:49 of 3rd period - Stopped by Cory Schneider with a rebound.
5:51 of 3rd period - Snap shot by Mike Ribeiro.
5:51 of 3rd period - Stopped by Cory Schneider with a rebound.
5:53 of 3rd period - Slapshot by Jason Demers.
5:53 of 3rd period - Shot Blocked by Brian Lee.
5:55 of 3rd period - Slapshot by Jason Demers.
5:55 of 3rd period - Stopped by Cory Schneider with a rebound.
5:57 of 3rd period - Wrist shot by Mike Ribeiro.
5:57 of 3rd period - Shot Blocked by Brian Lee.
6:09 of 3rd period - Icing by Dave Bolland.
6:10 of 3rd period - Dave Bolland wins face-off versus Cory Emmerton in Bruins zone.
6:10 of 3rd period - Dave Bolland is hit by Boris Valabik.
6:40 of 3rd period - Slapshot by B.J. Crombeen.
6:40 of 3rd period - Goal by B.J. Crombeen - Stars : 4 - Bruins : 1.
6:40 of 3rd period - Josh Tordjman enters game.
6:41 of 3rd period - Wojtek Wolski wins face-off versus John Tavares in neutral zone.
6:49 of 3rd period - Minor Penalty to Guillaume Latendresse for Roughing.
6:50 of 3rd period - Wojtek Wolski wins face-off versus John Tavares in Stars zone.
6:56 of 3rd period - Minor Penalty to Jason Demers for Diving.
6:57 of 3rd period - John Tavares wins face-off versus Wojtek Wolski in Bruins zone.
7:23 of 3rd period - Icing by Shane O'Brien.
7:24 of 3rd period - Wojtek Wolski wins face-off versus John Tavares in Bruins zone.
7:55 of 3rd period - Snap shot by Cory Emmerton.
7:55 of 3rd period - Stopped by Josh Tordjman without a rebound.
7:56 of 3rd period - Zack Kassian wins face-off versus Alexander Frolov in Bruins zone.
8:03 of 3rd period - Slapshot by Zack Kassian.
8:03 of 3rd period - Shot Blocked by Ian White.
8:05 of 3rd period - Slapshot by Johnny Boychuk.
8:05 of 3rd period - Deflect By Ian White.
8:05 of 3rd period - Stopped by Cory Schneider without a rebound.
8:06 of 3rd period - Wojtek Wolski wins face-off versus John Tavares in Stars zone.
8:07 of 3rd period - Wrist shot by Jonathan Toews.
8:07 of 3rd period - Shot Blocked by John Tavares.
8:09 of 3rd period - Snap shot by Wojtek Wolski.
8:09 of 3rd period - Shot Misses the Net.
8:11 of 3rd period - Snap shot by Jonathan Toews.
8:11 of 3rd period - Shot Misses the Net.
8:13 of 3rd period - Wrist shot by Jonathan Toews.
8:13 of 3rd period - Shot Misses the Net.
8:15 of 3rd period - Slapshot by Wojtek Wolski.
8:15 of 3rd period - Shot Blocked by Alexander Frolov.
8:49 of 3rd period - Penalty to Guillaume Latendresse is over, Guillaume Latendresse is back on ice.
8:56 of 3rd period - Penalty to Jason Demers is over, Jason Demers is back on ice.
9:07 of 3rd period - Slapshot by Kris Chucko.
9:07 of 3rd period - Stopped by Cory Schneider without a rebound.
9:08 of 3rd period - Mike Ribeiro wins face-off versus Jussi Jokinen in Stars zone.
9:09 of 3rd period - Wrist shot by Victor Oreskovich.
9:09 of 3rd period - Stopped by Cory Schneider with a rebound.
9:11 of 3rd period - Backhand shot by Scott Hartnell.
9:11 of 3rd period - Goal by Scott Hartnell - Stars : 4 - Bruins : 2.
9:12 of 3rd period - Jonathan Toews wins face-off versus Antoine Vermette in neutral zone.
9:20 of 3rd period - Slapshot by Zack Kassian.
9:20 of 3rd period - Stopped by Cory Schneider without a rebound.
9:21 of 3rd period - Antoine Vermette wins face-off versus Jonathan Toews in Stars zone.
9:28 of 3rd period - Snap shot by Alex Chiasson.
9:28 of 3rd period - Stopped by Josh Tordjman with a rebound.
9:30 of 3rd period - Slapshot by Ian White.
9:30 of 3rd period - Shot Misses the Net.
9:32 of 3rd period - Slapshot by Ian White.
9:32 of 3rd period - Stopped by Josh Tordjman with a rebound.
9:34 of 3rd period - Slapshot by Ian White.
9:34 of 3rd period - Stopped by Josh Tordjman without a rebound.
9:35 of 3rd period - Jonathan Toews wins face-off versus John Tavares in Bruins zone.
9:44 of 3rd period - Wrist shot by Michael Grabner.
9:44 of 3rd period - Shot Misses the Net.
10:09 of 3rd period - Wrist shot by Alex Chiasson.
10:09 of 3rd period - Shot Blocked by Victor Oreskovich.
10:11 of 3rd period - Slapshot by Ian White.
10:11 of 3rd period - Deflect By Mike Ribeiro.
10:11 of 3rd period - Stopped by Josh Tordjman with a rebound.
10:13 of 3rd period - Snap shot by Antoine Vermette.
10:13 of 3rd period - Stopped by Josh Tordjman without a rebound.
10:14 of 3rd period - John Tavares wins face-off versus Jonathan Toews in Bruins zone.
10:15 of 3rd period - Wrist shot by Guillaume Latendresse.
10:15 of 3rd period - Shot Blocked by Johnny Boychuk.
10:21 of 3rd period - Wrist shot by Zack Kassian.
10:21 of 3rd period - Shot Blocked by Michael Grabner.
10:23 of 3rd period - Slapshot by Wojtek Wolski.
10:23 of 3rd period - Stopped by Cory Schneider with a rebound.
10:29 of 3rd period - Wrist shot by Jonathan Toews.
10:29 of 3rd period - Shot Misses the Net.
11:08 of 3rd period - Slapshot by Ian White.
11:08 of 3rd period - Stopped by Josh Tordjman with a rebound.
11:10 of 3rd period - Snap shot by B.J. Crombeen.
11:10 of 3rd period - Shot Misses the Net.
11:12 of 3rd period - Snap shot by Alexander Frolov.
11:12 of 3rd period - Stopped by Josh Tordjman with a rebound.
11:14 of 3rd period - Slapshot by Ian White.
11:14 of 3rd period - Shot Misses the Net.
11:30 of 3rd period - Snap shot by Zack Kassian.
11:30 of 3rd period - Stopped by Cory Schneider without a rebound.
11:31 of 3rd period - John Tavares wins face-off versus Jonathan Toews in Stars zone.
11:44 of 3rd period - Snap shot by Jonathan Toews.
11:44 of 3rd period - Deflect By John Tavares.
11:44 of 3rd period - Stopped by Cory Schneider without a rebound.
11:45 of 3rd period - Jonathan Toews wins face-off versus Guillaume Latendresse in Stars zone.
11:56 of 3rd period - John Tavares is hit by Jonathan Toews and loses puck.
12:23 of 3rd period - Alex Chiasson is hit by Johnny Boychuk and loses puck.
12:46 of 3rd period - Snap shot by Cory Emmerton.
12:46 of 3rd period - Stopped by Josh Tordjman without a rebound.
12:47 of 3rd period - Jonathan Toews wins face-off versus John Tavares in Bruins zone.
12:47 of 3rd period - Jonathan Toews is hit by Guillaume Latendresse.
13:13 of 3rd period - Jussi Jokinen is hit by Scott Hartnell and loses puck.
13:31 of 3rd period - Off-side.
13:32 of 3rd period - Dave Bolland wins face-off versus Cory Emmerton in neutral zone.
13:54 of 3rd period - Off-side.
13:55 of 3rd period - Michael Grabner wins face-off versus Zack Kassian in neutral zone.
13:55 of 3rd period - Minor Penalty to Brian Lee for Charging.
13:56 of 3rd period - Zack Kassian wins face-off versus John Tavares in Stars zone.
15:37 of 3rd period - Zack Kassian is hit by Jussi Jokinen and loses puck.
15:55 of 3rd period - Penalty to Brian Lee is over, Brian Lee is back on ice.
17:16 of 3rd period - Minor Penalty to John Tavares for Checking from behind.
17:17 of 3rd period - Jonathan Toews wins face-off versus Cory Emmerton in Stars zone.
17:20 of 3rd period - Wrist shot by Jonathan Toews.
17:20 of 3rd period - Shot Misses the Net.
17:22 of 3rd period - Wrist shot by Wojtek Wolski.
17:22 of 3rd period - Shot Misses the Net.
17:24 of 3rd period - Snap shot by Jason Demers.
17:24 of 3rd period - Goal by Jason Demers - Stars : 4 - Bruins : 3.
17:25 of 3rd period - Cory Emmerton wins face-off versus Dave Bolland in neutral zone.
17:34 of 3rd period - Slapshot by Alexander Frolov.
17:34 of 3rd period - Shot Blocked by Jason Demers.
18:09 of 3rd period - Wrist shot by T.J Galiardi.
18:09 of 3rd period - Shot Misses the Net.
18:11 of 3rd period - Slapshot by Kevin Bieksa.
18:11 of 3rd period - Shot Misses the Net.
18:13 of 3rd period - Snap shot by T.J Galiardi.
18:13 of 3rd period - Shot Misses the Net.
18:15 of 3rd period - Snap shot by T.J Galiardi.
18:15 of 3rd period - Goal by T.J Galiardi - Stars : 4 - Bruins : 4.
18:16 of 3rd period - Jonathan Toews wins face-off versus Cory Emmerton in neutral zone.
18:19 of 3rd period - Snap shot by Zack Kassian.
18:19 of 3rd period - Stopped by Cory Schneider with a rebound.
18:21 of 3rd period - Snap shot by Wojtek Wolski.
18:21 of 3rd period - Shot Misses the Net.
18:26 of 3rd period - Minor Penalty to Alexander Frolov for Hooking.
18:27 of 3rd period - Zack Kassian wins face-off versus John Tavares in Stars zone.
18:39 of 3rd period - Wrist shot by Wojtek Wolski.
18:39 of 3rd period - Shot Misses the Net.
Goals for this period are 1 for Stars vs 3 for Bruins.
Shots for this period are 15 for Stars vs 16 for Bruins.
Overtime #1
0:01 of 1st overtime period - John Tavares wins face-off versus Wojtek Wolski in neutral zone.
0:15 of 1st overtime period - Wrist shot by Jason Demers.
0:15 of 1st overtime period - Stopped by Cory Schneider without a rebound.
0:16 of 1st overtime period - John Tavares wins face-off versus Wojtek Wolski in Stars zone.
0:23 of 1st overtime period - Jason Demers is hit by Brian Lee and loses puck.
0:26 of 1st overtime period - Penalty to Alexander Frolov is over, Alexander Frolov is back on ice.
0:55 of 1st overtime period - Wrist shot by Guillaume Latendresse.
0:55 of 1st overtime period - Stopped by Josh Tordjman without a rebound.
0:56 of 1st overtime period - Alexander Frolov wins face-off versus Zack Kassian in Bruins zone.
0:59 of 1st overtime period - Wrist shot by Alexander Frolov.
0:59 of 1st overtime period - Stopped by Josh Tordjman without a rebound.
1:00 of 1st overtime period - Scott Hartnell wins face-off versus Alexander Frolov in Bruins zone.
1:36 of 1st overtime period - Snap shot by Zack Kassian.
1:36 of 1st overtime period - Stopped by Cory Schneider without a rebound.
1:37 of 1st overtime period - Wojtek Wolski wins face-off versus John Tavares in Stars zone.
1:38 of 1st overtime period - Slapshot by Jonathan Toews.
1:38 of 1st overtime period - Stopped by Cory Schneider without a rebound.
1:39 of 1st overtime period - John Tavares wins face-off versus Wojtek Wolski in Stars zone.
1:44 of 1st overtime period - Wojtek Wolski is hit by Ian White and loses puck.
2:05 of 1st overtime period - Jussi Jokinen is hit by Wojtek Wolski and loses puck.
2:16 of 1st overtime period - Wojtek Wolski is hit by Ian White and loses puck.
2:29 of 1st overtime period - Snap shot by Zack Kassian.
2:29 of 1st overtime period - Goal by Zack Kassian - Stars : 4 - Bruins : 5.
Goals for this period are 0 for Stars vs 1 for Bruins.
Shots for this period are 2 for Stars vs 4 for Bruins.
Back to the Top